 Dungeon Crawl Stone Soup version 0.26.0-41-g79a4fc7684 (webtiles) character file.

Game seed: 11042509947204550072

35 littlecub the Chopper (level 3, 0/28 HPs)
             Began as a Demonspawn Gladiator on Jan 26, 2021.
             Was an Initiate of Okawaru.
             Killed from afar by Sigmund (4 damage)
             ... with a puff of flame
             ... on level 2 of the Dungeon.
             The game lasted 00:02:16 (861 turns).

littlecub the Chopper (Demonspawn Gladiator)         Turns: 861, Time: 00:02:16

Health: 0/28       AC:  6    Str: 15    XL:     3   Next: 17%
Magic:  3/3        EV: 12    Int:  9    God:    Okawaru [......]
Gold:   38         SH:  0    Dex: 14    Spells: 2/2 levels left

rFire    . . .     SeeInvis .   a - +0 war axe
rCold    . . .     Faith    .   (no shield)
rNeg     . . .     Spirit   .   g - +0 ring mail
rPois    .         Reflect  .   c - +0 helmet
rElec    .         Harm     .   (no cloak)
rCorr    .         Rampage  .   (no gloves)
Will     .....                  (no boots)
Stlth    ..........             (no amulet)
HPRegen  0.09/turn              (no ring)
MPRegen  0.08/turn              (no ring)

@: berserk cooldown, hasted and slowed
A: hooves 1, powered by death 1
a: Renounce Religion


You were on level 2 of the Dungeon.
You worshipped Okawaru.
Okawaru was noncommittal.
You visited 1 branch of the dungeon, and saw 2 of its levels.

You collected 38 gold pieces.

Inventory:

Hand Weapons
 a - a +0 war axe (weapon)
Missiles
 d - 3 throwing nets (quivered)
Armour
 c - a +0 helmet (worn)
 g - a +0 ring mail (worn)
Scrolls
 e - 4 scrolls of identify {unknown}
Potions
 b - a potion of curing {unknown}
 f - a potion of haste
 h - a potion of might {unknown}


   Skills:
 * Level 2.5 Fighting
 * Level 3.1 Axes
 - Level 1.7 Throwing
 + Level 0.9 Armour
 + Level 2.9 Dodging


You had 2 spell levels left.
You didn't know any spells.
Your spell library was empty.

Dungeon Overview and Level Annotations

Branches:
Dungeon (2/15)

Altars:
Fedhas
Okawaru

Annotations:
D:2 Sigmund


Innate Abilities, Weirdness & Mutations

You have large cloven feet.
You regenerate a little health from kills.


Message History

Okay, then.
It was a potion of haste.
You feel yourself speed up. Something hits you but does no damage.
You hear some strange, mumbled words.
You are confused.
It was a potion of berserk rage.
A red film seems to cover your vision as you go berserk!
You feel yourself moving faster!
You feel mighty!
You feel a strong urge to attack something.
Found 12 stones.
Something tries to affect you, but you resist.
You're too confused to move!
You feel your anger nearly subside.
You are no longer berserk.
You are exhausted.
You feel yourself slow down.
You feel less confused.
A puff of flame appears from out of thin air!
The puff of flame hits you.
You die...

#..._≈..^..........
##≈≈≈≈≈....†......#
#≈..≈≈?..........#
####.............#
#.............#
#....{....#####
#.........#
#.......#(#
#####.@....$###
#...........#
#.#.....##..#
#....#.....(.
..#..#.....#.#
#...## .....###
#... #....# #...
#...# #.. ..#


There were no monsters in sight!

Vanquished Creatures
  A worm (D:2)
  2 dart slugs (D:1)
  2 leopard geckos (D:1)
  3 bats (D:1)
  2 giant cockroaches (D:1)
  A goblin (D:2)
  6 hobgoblins (D:1)
  2 kobolds (D:1)
  5 rats
24 creatures vanquished.

Notes
Turn   | Place    | Note
-------+----------+-------------------------------------------
     0 | D:1      | littlecub the Demonspawn Gladiator began the quest for the
                  | Orb.
     0 | D:1      | Reached XP level 1. HP: 16/16 MP: 1/1
   172 | D:1      | Gained mutation: You have large cloven feet. [demonic
                  | ancestry]
   172 | D:1      | Reached XP level 2. HP: 22/22 MP: 2/2
   265 | D:1      | Reached skill level 3 in Axes
   397 | D:1      | Found an iron altar of Okawaru.
   410 | D:1      | Became a worshipper of Warmaster Okawaru
   515 | D:1      | Gained mutation: You regenerate a little health from kills.
                  | [demonic ancestry]
   515 | D:1      | Reached XP level 3. HP: 28/28 MP: 3/3
   818 | D:2      | Found a blossoming altar of Fedhas.
   829 | D:2      | Noticed Sigmund
   861 | D:2      | Killed from afar by Sigmund

Illustrated notes

Levels and vault maps discovered:
D:1:      dpeg_arrival_short_road, layout_basic, okawaru_ov_weapons_minmay
D:2:      layout_rooms, general_overflow_altar, elyvilon_altar_5,
          fedhas_altar_2, serial_undead, serial_undead_e, serial_undead_e,
          serial_undead_e, serial_undead_c, minmay_misc_feat_chi,
          nrook_loot_triangle, uniq_sigmund

Skill      XL: |  1  2 |
---------------+-------+-----
Axes           | 3 |  3.1
Fighting       | |  2.5
Throwing       | |  1.7
Armour         | |  0.9
Dodging        | |  2.9

Action                   || total
-------------------------++-------
Melee: War axe           ||    68
       Kick              ||    11
  Use: Potion            ||     2
Armor: Leather armour    ||    17
       Ring mail         ||    11
Dodge: Dodged            ||    48
